[Event "Titled Tuesday Blitz June 14 Late 2022"]
[White "Girsh, Daniel"]
[Black "Pinheiro, Iung Alicio de O."]
[WhiteFideId "30949190"]
[BlackFideId "2104350"]
[WhiteElo "2509"]
[BlackElo "2283"]
[Result "0-1"]
[Round "07"]
[TimeControl "180+1"]
[Date "2022.06.15"]
[WhiteClock "0:00:52"]
[BlackClock "0:00:32"]

1. e4 c5 2. Nf3 Nc6 3. Bb5 e6 4. O-O Nge7 5. d4 cxd4 6. Nxd4 a6 7. Be2 Nxd4 8. Qxd4 Nc6 9. Qc3 Qa5 10. Qg3 Qe5 11. Nc3 Qxg3 12. hxg3 b5 13. Be3 Bb7 14. f3 Rc8 15. Rad1 Ne5 16. a3 Nc4 17. Bxc4 Rxc4 18. Rd2 Be7 19. Rfd1 d6 20. Bf4 e5 21. Be3 Kd7 22. Kf2 Rhc8 23. g4 Ke6 24. g5 Rxc3 25. bxc3 Rxc3 26. Ra1 d5 27. exd5+ Bxd5 28. a4 b4 29. Rh1 Bc4 30. f4 exf4 31. Bxf4 Bc5+ 32. Ke1 Ra3 33. Rxh7 g6 34. Rh8 Ra1+ 35. Rd1 Bf2+ 36. Kd2 Rxa4 37. g3 Kf5 38. Rc8 Be6 39. Rc5+ Bxc5 0-1


[Site "https://www.chess.com"]

[Event "Titled Tuesday Blitz June 14 Late 2022"]
[White "Guzman, Christopher"]
[Black "Nozdrachev, Leonid"]
[WhiteFideId "6405096"]
[BlackFideId "24113433"]
[WhiteElo "2244"]
[BlackElo "2129"]
[Result "0-1"]
[Round "07"]
[TimeControl "180+1"]
[Date "2022.06.15"]
[WhiteClock "0:00:54"]
[BlackClock "0:00:31"]

1. e4 d6 2. d4 Nf6 3. Nc3 e5 4. Nge2 c6 5. f3 Qc7 6. Be3 Be7 7. Qd2 b6 8. g4 O-O 9. h4 Ba6 10. d5 cxd5 11. exd5 Nbd7 12. h5 e4 13. g5 exf3 14. Nd4 Ng4 15. Bxa6 Nc5 16. Bd3 Qd8 17. Nc6 Qe8 18. O-O-O Nxe3 19. Qxe3 Bf6 20. Qxf3 Bxg5+ 21. Kb1 Qe3 22. Qxe3 Bxe3 23. Rde1 Rfe8 24. Ne4 Nxe4 25. Bxe4 Rxe4 26. Rh3 Rae8 27. h6 g5 28. b4 f5 29. Rh5 Kf7 30. a3 Kg6 31. Rh2 f4 32. Nxa7 f3 33. Nb5 Bf4 34. Rxe4 Rxe4 35. Rh1 g4 36. Nc3 Re3 37. Rh4 Kg5 0-1


[Site "https://www.chess.com"]

[Event "Titled Tuesday Blitz June 14 Late 2022"]
[White "Harsh Suresh"]
[Black "Petrovic, Aleksa"]
[WhiteFideId "45018464"]
[BlackFideId "967629"]
[WhiteElo "2059"]
[BlackElo "2117"]
[Result "1-0"]
[Round "07"]
[TimeControl "180+1"]
[Date "2022.06.15"]
[WhiteClock "0:00:41"]
[BlackClock "0:00:05"]

1. e4 c6 2. d4 d5 3. e5 c5 4. c3 Nc6 5. Be3 Bf5 6. Nd2 e6 7. h4 cxd4 8. cxd4 Nb4 9. Bb5+ Ke7 10. g4 Nc2+ 11. Kf1 Nxe3+ 12. fxe3 Qa5 13. Be2 Bg6 14. h5 Be4 15. Nxe4 dxe4 16. Nh3 f6 17. Qb3 Qb6 18. Qxb6 axb6 19. Kf2 fxe5 20. dxe5 Ra5 21. Rhc1 Rxe5 22. Rc7+ Kd6 23. Rxb7 Kc6 24. Rb8 Nf6 25. Rc1+ Rc5 26. Rxc5+ bxc5 27. Ng5 Kc7 28. Rxf8 Nxg4+ 29. Kg3 Rxf8 30. Nxe6+ Kd6 31. Nxf8 Nxe3 32. Kf4 Nd5+ 33. Kxe4 Nf6+ 34. Kf5 Ke7 35. Ne6 g6+ 36. hxg6 hxg6+ 37. Ke5 Nd7+ 38. Kd5 Nf6+ 39. Kxc5 Kxe6 40. a4 Nd7+ 41. Kc6 Ne5+ 42. Kb7 Kd6 43. a5 Kc5 44. a6 Nc6 45. b4+ Kd6 46. a7 Nd8+ 47. Kc8 1-0


[Site "https://www.chess.com"]

[Event "Titled Tuesday Blitz June 14 Late 2022"]
[White "Hnydiuk, Aleksander"]
[Black "Swiercz, Dariusz"]
[WhiteFideId "1109057"]
[BlackFideId "1126881"]
[WhiteElo "2374"]
[BlackElo "2627"]
[Result "0-1"]
[Round "07"]
[TimeControl "180+1"]
[Date "2022.06.14"]
[WhiteClock "0:00:54"]
[BlackClock "0:00:12"]

1. c4 e5 2. g3 g6 3. Bg2 Bg7 4. Nc3 Nc6 5. Nf3 Nge7 6. O-O O-O 7. d3 d6 8. Rb1 a5 9. a3 Nd4 10. b4 axb4 11. axb4 c6 12. b5 Nxf3+ 13. Bxf3 Bh3 14. Re1 Qd7 15. Qb3 Be6 16. bxc6 bxc6 17. Qb7 Ra7 18. Qxd7 Rxd7 19. Ba3 f5 20. Rec1 Ra8 21. Rb3 e4 22. Bg2 d5 23. cxd5 cxd5 24. Nb5 Be5 25. Bb2 Bxb2 26. Rxb2 Rb8 27. Rcb1 Rdb7 28. Rb3 d4 29. Rb4 Nc6 30. R4b2 Na7 31. Nxd4 Rxb2 32. Rxb2 Rxb2 33. Nxe6 Rb1+ 34. Bf1 exd3 35. exd3 Nc6 36. Kg2 Kf7 37. Ng5+ Kg7 38. Nf3 Kf6 39. h4 Rb4 40. Be2 h6 41. Kf1 g5 42. hxg5+ hxg5 43. Kg2 g4 44. Nh4 Nd4 45. Bf1 Rb2 46. Kg1 Kg5 47. Kg2 f4 0-1


[Site "https://www.chess.com"]

[Event "Titled Tuesday Blitz June 14 Late 2022"]
[White "Ivanisevic, Ivan"]
[Black "Kalajzic, Ivan"]
[WhiteFideId "912417"]
[BlackFideId "14506378"]
[WhiteElo "2535"]
[BlackElo "2163"]
[Result "1-0"]
[Round "07"]
[TimeControl "180+1"]
[Date "2022.06.15"]
[WhiteClock "0:00:33"]
[BlackClock "0:00:20"]

1. d4 Nc6 2. Nf3 d6 3. d5 Nb8 4. c4 e5 5. Nc3 Nf6 6. e4 g6 7. Be2 Bg7 8. h4 O-O 9. Nd2 h5 10. Nf1 c5 11. Ne3 Bh6 12. a3 Kg7 13. g3 Qe7 14. b4 b6 15. Rb1 Bd7 16. Bd2 Na6 17. Qc1 Rh8 18. b5 Nc7 19. a4 Ng4 20. a5 Nxe3 21. Bxe3 Bxe3 22. Qxe3 f5 23. Kd2 Qf6 24. f4 Rae8 25. Bd3 exf4 26. gxf4 Qd4 27. Rhg1 Qxe3+ 28. Kxe3 fxe4 29. Bxe4 Bf5 30. Kd3 Rhf8 31. axb6 axb6 32. Ra1 Bxe4+ 33. Nxe4 Rxf4 34. Nxd6 Rf3+ 35. Kd2 Rf2+ 36. Kd1 Ree2 37. Ra7 Re7 38. Rxc7 1-0


[Site "https://www.chess.com"]

[Event "Titled Tuesday Blitz June 14 Late 2022"]
[White "Ivic, Velimir"]
[Black "Nakamura, Hikaru"]
[WhiteFideId "950122"]
[BlackFideId "2016192"]
[WhiteElo "2610"]
[BlackElo "2850"]
[Result "1/2-1/2"]
[Round "07"]
[TimeControl "180+1"]
[Date "2022.06.14"]
[WhiteClock "0:00:05"]
[BlackClock "0:00:08"]

1. e4 d5 2. exd5 Qxd5 3. Nc3 Qa5 4. d4 c6 5. Bc4 Bf5 6. Nf3 e6 7. Bd2 Nf6 8. Nd5 Qd8 9. Nxf6+ gxf6 10. Bb3 Nd7 11. Qe2 Qc7 12. Nh4 Bg6 13. O-O-O O-O-O 14. g3 Bd6 15. Ng2 c5 16. d5 Ne5 17. Ne3 Be4 18. f4 Nf3 19. Ba5 b6 20. Bc3 Nd4 21. Qa6+ Kb8 22. Rhe1 e5 23. fxe5 fxe5 24. g4 h5 25. h3 hxg4 26. hxg4 Rh3 27. Kb1 Rh2 28. Qf1 Rdh8 29. g5 Bg6 30. Qf6 Be7 31. Qf1 Bxg5 32. d6 Qxd6 33. Nc4 Nxb3 34. axb3 Bxc2+ 35. Ka2 Qc6 36. Bxe5+ Ka8 37. Bxh2 b5 38. Rd6 Bxb3+ 39. Kxb3 bxc4+ 40. Ka2 Qa4+ 41. Kb1 Rxh2 42. Qf3+ Kb8 43. Qe4 Rxb2+ 44. Kxb2 Qb3+ 45. Ka1 Qa3+ 46. Kb1 Qb3+ 47. Ka1 Qa3+ 48. Kb1 Qb3+ 49. Ka1 1/2-1/2


[Site "https://www.chess.com"]

[Event "Titled Tuesday Blitz June 14 Late 2022"]
[White "Janaszak, Dawid"]
[Black "Titichoca Daza, Daniel"]
[WhiteFideId "1119206"]
[BlackFideId "3309550"]
[WhiteElo "2199"]
[BlackElo "1912"]
[Result "1/2-1/2"]
[Round "07"]
[TimeControl "180+1"]
[Date "2022.06.15"]
[WhiteClock "0:00:31"]
[BlackClock "0:00:38"]

1. d4 g6 2. e4 Bg7 3. Nf3 d6 4. c3 a6 5. Bd3 Nd7 6. Bg5 c5 7. O-O h6 8. Be3 Qc7 9. Nbd2 Ngf6 10. h3 O-O 11. Re1 b6 12. Nf1 Bb7 13. Ng3 e5 14. Qd2 Kh7 15. Rad1 Rad8 16. Qe2 b5 17. Nh2 d5 18. dxe5 Nxe5 19. exd5 Nxd5 20. Be4 Nxe3 21. Qxe3 Nc4 22. Qc1 Bxe4 23. Nxe4 Rxd1 24. Rxd1 Re8 25. Ng3 Qe5 26. Ng4 Qe6 27. b3 Nb6 28. Ne3 f5 29. Ngf1 f4 30. Ng4 h5 31. Ngh2 Nd5 32. Nf3 Nxc3 33. Ng5+ Kh6 34. Nxe6 Ne2+ 35. Kh2 Nxc1 36. Nxg7 Kxg7 37. Rxc1 Re2 38. Rxc5 Rxf2 39. Kg1 Rxa2 40. b4 Kf6 41. h4 Rb2 42. Rc6+ Kf5 43. Rxa6 Rxb4 44. Nh2 Rb1+ 45. Kf2 Rb2+ 46. Kg1 Rb1+ 47. Kf2 Rb2+ 48. Kg1 Rb1+ 1/2-1/2


[Site "https://www.chess.com"]

[Event "Titled Tuesday Blitz June 14 Late 2022"]
[White "Kim, Sergey"]
[Black "Aravindh, Chithambaram VR."]
[WhiteFideId "13700570"]
[BlackFideId "5072786"]
[WhiteElo "2592"]
[BlackElo "2577"]
[Result "1-0"]
[Round "07"]
[TimeControl "180+1"]
[Date "2022.06.14"]
[WhiteClock "0:00:11"]
[BlackClock "0:00:07"]

1. d4 Nf6 2. c4 Rg8 3. Nc3 g5 4. e4 d6 5. Nge2 Nc6 6. d5 Ne5 7. Ng3 h5 8. Nxh5 Nxh5 9. Qxh5 Bg4 10. Qh7 Rg7 11. Qh8 c6 12. h3 Bd7 13. Qh5 Qa5 14. Qd1 Rc8 15. Qb3 b5 16. cxb5 cxd5 17. exd5 Rh7 18. Bd2 Bg7 19. Rc1 Rh4 20. a3 Nc4 21. Bxc4 Rhxc4 22. O-O g4 23. hxg4 Rxg4 24. Ne4 Qd8 25. Rxc8 Qxc8 26. Rc1 Qb8 27. Nc3 Bd4 28. Be3 Bxe3 29. fxe3 Qb6 30. Re1 f5 31. a4 Qc5 32. Qd1 Qb4 33. Qd2 Kd8 34. Qf2 Qc4 35. e4 fxe4 36. Qxa7 Qd3 37. Qe3 Bf5 38. Qxd3 exd3 39. Rd1 Rb4 40. Rd2 Kc7 41. Kf2 Kb6 42. Ke3 Kc5 43. Rf2 Bg6 44. Rd2 Rxb5 45. axb5 1-0


[Site "https://www.chess.com"]

[Event "Titled Tuesday Blitz June 14 Late 2022"]
[White "Kollars, Dmitrij"]
[Black "Riehle, Marco"]
[WhiteFideId "12909572"]
[BlackFideId "12904392"]
[WhiteElo "2584"]
[BlackElo "2462"]
[Result "0-1"]
[Round "07"]
[TimeControl "180+1"]
[Date "2022.06.14"]
[WhiteClock "0:00:08"]
[BlackClock "0:00:36"]

1. Nf3 Nf6 2. c4 c5 3. g3 d5 4. cxd5 Nxd5 5. Bg2 Nc6 6. O-O e5 7. Nc3 Be6 8. d3 Be7 9. Bd2 O-O 10. a3 f6 11. Rc1 Qd7 12. Qa4 Rac8 13. Nxd5 Bxd5 14. b4 cxb4 15. axb4 a6 16. Rfe1 Rfd8 17. h4 Rc7 18. Rb1 Kf8 19. Be3 Bxf3 20. exf3 Qxd3 21. Bb6 Rcc8 22. Bxd8 Rxd8 23. b5 Nd4 24. bxa6 bxa6 25. Rbd1 Qb5 26. Qa2 a5 27. Kh1 a4 28. f4 exf4 29. Re4 Bc5 30. Rxf4 Qb3 31. Qa1 Qb4 32. Rb1 Qa5 33. Rd1 Qb4 34. Rb1 Qa5 35. Be4 Ne2 36. Rf3 a3 37. Bxh7 a2 38. Rf1 Qa8 39. Kg2 Nd4 40. Qc3 Qxf3+ 41. Qxf3 Nxf3 42. Kxf3 Bd4 0-1


[Site "https://www.chess.com"]

[Event "Titled Tuesday Blitz June 14 Late 2022"]
[White "Kostiukov, Alexandr"]
[Black "Savic, Miroslav"]
[WhiteFideId "14108100"]
[BlackFideId "14508494"]
[WhiteElo "2202"]
[BlackElo "2209"]
[Result "1-0"]
[Round "07"]
[TimeControl "180+1"]
[Date "2022.06.15"]
[WhiteClock "0:00:09"]
[BlackClock "0:00:11"]

1. g3 e5 2. Bg2 Nf6 3. c4 h5 4. h3 Nc6 5. Nc3 Bb4 6. Nd5 Nxd5 7. cxd5 Ne7 8. Nf3 e4 9. Ng5 Nxd5 10. Nxe4 O-O 11. a3 Be7 12. e3 g6 13. O-O d6 14. b4 Nf6 15. Ng5 Nh7 16. Nxh7 Kxh7 17. Bb2 Bf6 18. Bxf6 Qxf6 19. Qc2 c6 20. Rab1 a6 21. a4 d5 22. d3 Bf5 23. e4 dxe4 24. dxe4 Be6 25. f4 Qd4+ 26. Kh1 Rad8 27. f5 Bc4 28. Rfd1 Bd3 29. Qb3 Qc4 30. Qxc4 Bxc4 31. Rdc1 Bd3 32. Rb3 Rfe8 33. fxg6+ fxg6 34. Re1 Bc4 35. Rbe3 Re5 36. a5 Rd3 37. Rxd3 Bxd3 38. Re3 Bb5 39. Kg1 Kg7 40. Kf2 Kf6 41. Rc3 Ke6 42. Ke3 Kf6 43. Rc5 Rxc5 44. bxc5 Ke5 45. h4 Bc4 46. Bh3 Be6 47. Bxe6 Kxe6 48. Kf4 Kf6 49. e5+ Ke6 50. Kg5 Kxe5 51. Kxg6 Kd5 52. Kxh5 Kxc5 53. g4 b5 54. g5 b4 55. g6 b3 56. g7 b2 57. g8=Q b1=Q 58. Qg5+ Kb4 59. Kh6 Qe4 60. h5 Qe6+ 61. Qg6 Qe3+ 62. Kh7 Qe7+ 63. Kg8 Qd8+ 64. Kf7 Qd7+ 65. Kf8 Qd8+ 66. Qe8 Qf6+ 67. Qf7 Qh6+ 68. Ke8 Qe3+ 69. Qe7+ Qxe7+ 70. Kxe7 c5 71. h6 c4 72. h7 c3 73. h8=Q c2 74. Qb2+ Kxa5 75. Qxc2 Kb5 76. Qa2 a5 77. Kd6 Kb4 78. Kd5 a4 79. Kd4 a3 80. Kd3 Ka4 81. Kc3 Kb5 82. Qxa3 1-0


[Site "https://www.chess.com"]

[Event "Titled Tuesday Blitz June 14 Late 2022"]
[White "Kozak, Adam"]
[Black "Yuan, Qingyu"]
[WhiteFideId "753246"]
[BlackFideId "8609772"]
[WhiteElo "2459"]
[BlackElo "2359"]
[Result "1-0"]
[Round "07"]
[TimeControl "180+1"]
[Date "2022.06.14"]
[WhiteClock "0:00:38"]
[BlackClock "0:00:01"]

1. e4 c6 2. Nf3 d5 3. exd5 cxd5 4. Ne5 Nc6 5. Bb5 Bd7 6. d4 Nxe5 7. Be2 Nc6 8. c3 Nf6 9. O-O e6 10. Nd2 Bd6 11. Nf3 O-O 12. Re1 Rb8 13. Bd3 b5 14. a3 a5 15. Ne5 Qc7 16. Bf4 b4 17. axb4 axb4 18. Qf3 bxc3 19. bxc3 Ra8 20. Rad1 Ra3 21. Qh3 g6 22. Bg5 Nh5 23. Ng4 Be7 24. Bd2 e5 25. Nh6+ Kg7 26. Bf5 Rd8 27. dxe5 Nxe5 28. Bxd7 Rxd7 29. Rxe5 Qxe5 30. Qxd7 Qe2 31. Rf1 Ra2 32. Be3 d4 33. cxd4 Nf6 34. Qxe7 Qxf2+ 35. Bxf2 1-0


[Site "https://www.chess.com"]

[Event "Titled Tuesday Blitz June 14 Late 2022"]
[White "Kozin, Yuri"]
[Black "Lagno, Kateryna"]
[WhiteFideId "4129920"]
[BlackFideId "14109336"]
[WhiteElo "2547"]
[BlackElo "2522"]
[Result "0-1"]
[Round "07"]
[TimeControl "180+1"]
[Date "2022.06.14"]
[WhiteClock "0:00:02"]
[BlackClock "0:00:42"]

1. e4 e5 2. Nf3 Nc6 3. Bb5 a6 4. Ba4 d6 5. c3 Bd7 6. d4 g6 7. d5 Nce7 8. c4 Bg7 9. Nc3 h6 10. O-O f5 11. Nd2 Nf6 12. Qb3 Rb8 13. Bxd7+ Qxd7 14. c5 dxc5 15. Nc4 Nxe4 16. Nxe4 fxe4 17. Be3 Qxd5 18. Rfd1 Qe6 19. Bxc5 Nc6 20. Qc3 Nd4 21. Re1 b6 22. Ba3 c5 23. Rxe4 O-O 24. Rae1 Qf5 25. f3 Rfe8 26. Nd6 Qe6 27. Nxe8 Rxe8 28. b4 Qxa2 29. bxc5 Nb5 30. Qc1 Qxa3 31. Qc4+ Kh7 32. cxb6 Nd6 33. Qc6 Rc8 34. Qd7 Qc5+ 35. Kh1 Nxe4 36. fxe4 Qe3 37. Rf1 Rc1 38. Qf7 Rxf1+ 39. Qxf1 Qxb6 0-1


[Site "https://www.chess.com"]

[Event "Titled Tuesday Blitz June 14 Late 2022"]
[White "Lashkin, Jegor"]
[Black "Sadhwani, Raunak"]
[WhiteFideId "13907808"]
[BlackFideId "35093487"]
[WhiteElo "2368"]
[BlackElo "2616"]
[Result "0-1"]
[Round "07"]
[TimeControl "180+1"]
[Date "2022.06.14"]
[WhiteClock "0:00:02"]
[BlackClock "0:00:21"]

1. d4 Nf6 2. c4 g6 3. Nc3 Bg7 4. e4 d6 5. Nf3 O-O 6. Be2 Bg4 7. Be3 a5 8. Ng1 Bd7 9. h3 e5 10. d5 c6 11. Nf3 cxd5 12. exd5 Na6 13. O-O Ne8 14. Rc1 f5 15. Qb3 Nc5 16. Bxc5 dxc5 17. Nb5 e4 18. Nd2 a4 19. Qa3 b6 20. Rfd1 Be5 21. b4 axb3 22. Qxb3 Nd6 23. Nc3 Ra6 24. a4 Qh4 25. Qc2 Bd4 26. Rf1 g5 27. Nb3 Raa8 28. Qd2 Be5 29. a5 f4 30. f3 Bxh3 31. Nxe4 Nxe4 32. fxe4 Bxg2 33. Kxg2 Qg3+ 34. Kh1 Rf6 35. Bh5 f3 36. Rxf3 Rxf3 37. Bxf3 Qxf3+ 38. Qg2 Qh5+ 39. Kg1 bxa5 40. Nxc5 Bd4+ 41. Kf1 Rf8+ 42. Ke1 Bxc5 43. e5 Qh4+ 44. Kd1 Qd4+ 45. Ke1 Bb4+ 46. Ke2 Qd2# 0-1


[Site "https://www.chess.com"]

[Event "Titled Tuesday Blitz June 14 Late 2022"]
[White "Le Goff, Ronan"]
[Black "Hoffmann, Asa"]
[WhiteFideId "612073"]
[BlackFideId "2001470"]
[WhiteElo "2276"]
[BlackElo "2117"]
[Result "0-1"]
[Round "07"]
[TimeControl "180+1"]
[Date "2022.06.15"]
[WhiteClock "0:00:02"]
[BlackClock "0:01:53"]

1. d4 Nf6 2. Nf3 d6 3. Nc3 c6 4. e4 Bg4 5. Be2 e6 6. O-O d5 7. e5 Nfd7 8. Ng5 Bf5 9. f4 h6 10. Nf3 c5 11. Be3 Nc6 12. Qd2 a6 13. Kh1 Be7 14. Rg1 cxd4 15. Nxd4 Nxd4 16. Bxd4 Bc5 17. Rgf1 Qc7 18. Bf3 O-O-O 19. b4 Bxd4 20. Qxd4 Qb6 21. Qd2 Kb8 22. a4 Rc8 23. a5 Qxb4 24. Nb1 Qxd2 25. Nxd2 Rxc2 26. Nb3 Rhc8 27. Nd4 Rd2 28. Nxf5 exf5 29. Rac1 Rxc1 30. Rxc1 g5 31. fxg5 hxg5 32. Re1 g4 33. Bd1 Nxe5 34. Ba4 Nc4 35. h3 gxh3 36. gxh3 Kc7 37. Re8 Kd6 38. Rd8+ Kc5 39. h4 f4 40. h5 f3 41. Rf8 Ne5 42. Rc8+ Kd6 43. Rd8+ Ke6 44. Re8+ Kf6 45. Rc8 Rd4 46. Rc1 Rxa4 0-1


[Site "https://www.chess.com"]

[Event "Titled Tuesday Blitz June 14 Late 2022"]
[White "Leiva, Gianmarco"]
[Black "Bas Mas, Jose Joaquin"]
[WhiteFideId "3804399"]
[BlackFideId "22219064"]
[WhiteElo "2323"]
[BlackElo "2233"]
[Result "1-0"]
[Round "07"]
[TimeControl "180+1"]
[Date "2022.06.15"]
[WhiteClock "0:00:18"]
[BlackClock "0:00:07"]

1. e4 c5 2. Nf3 d6 3. Bb5+ Nd7 4. a4 a6 5. Be2 g6 6. d4 Bg7 7. d5 Ngf6 8. Nc3 O-O 9. O-O b6 10. Bf4 Nh5 11. Bg5 h6 12. Be3 Qc7 13. Qd2 Kh7 14. h3 Nhf6 15. Bf4 Rb8 16. Rfe1 Bb7 17. Bf1 Ng8 18. Bc4 Ne5 19. Nxe5 dxe5 20. Be3 Qd6 21. g4 Rbd8 22. Qd3 Ra8 23. Kh2 Nf6 24. f3 h5 25. Qd2 Rfd8 26. Rad1 Rd7 27. Ne2 Rad8 28. Qd3 Qc7 29. Bxa6 e6 30. Bxb7 Qxb7 31. c4 exd5 32. cxd5 hxg4 33. hxg4 Ne8 34. Nc3 Nd6 35. Kg2 Kg8 36. b3 f6 37. Nb5 Kf7 38. Rh1 Rh8 39. Rxh8 Bxh8 40. Rh1 Bg7 41. Nxd6+ Rxd6 42. Qb5 Rd7 43. Rc1 g5 44. b4 Bf8 45. a5 bxa5 46. Qxb7 Rxb7 47. bxc5 Rb2+ 48. Kf1 a4 49. c6 Rb3 50. c7 Rxe3 51. c8=Q Rxf3+ 52. Ke2 Rf4 53. Rc7+ Kg6 54. Qxf8 Rxe4+ 55. Kf3 Rf4+ 56. Kg3 1-0


[Site "https://www.chess.com"]

[Event "Titled Tuesday Blitz June 14 Late 2022"]
[White "Livaic, Leon"]
[Black "Paravyan, David"]
[WhiteFideId "14531534"]
[BlackFideId "4194985"]
[WhiteElo "2540"]
[BlackElo "2569"]
[Result "1-0"]
[Round "07"]
[TimeControl "180+1"]
[Date "2022.06.14"]
[WhiteClock "0:00:09"]
[BlackClock "0:00:01"]

1. d4 Nf6 2. c4 g6 3. Nc3 d5 4. Nf3 Bg7 5. Bg5 Ne4 6. cxd5 Nxg5 7. Nxg5 e6 8. Qd2 h6 9. Nf3 exd5 10. e3 O-O 11. b4 Qd6 12. b5 a6 13. Rc1 Be6 14. Be2 Rc8 15. a4 axb5 16. axb5 Nd7 17. O-O Nb6 18. Ra1 Qb4 19. Qc2 c5 20. Rxa8 Nxa8 21. Na2 Qa3 22. Qd2 Nb6 23. dxc5 Rxc5 24. Qb4 Rc3 25. Qxa3 Rxa3 26. Nb4 Bf5 27. Rd1 Rb3 28. Nxd5 Nxd5 29. Rxd5 Be6 30. Rd8+ Kh7 31. h3 Rb1+ 32. Kh2 Bf6 33. Rd2 Kg7 34. Nd4 Bd7 35. Bf3 Be5+ 36. g3 Bxb5 37. Nxb5 Rxb5 38. Rd7 Rb6 39. Bd5 Rf6 40. f4 Bc3 41. e4 g5 42. e5 Rb6 43. Rxf7+ Kh8 44. e6 gxf4 45. e7 Rb2+ 46. Kh1 Rb1+ 47. Kg2 Rb2+ 48. Kf3 1-0


[Site "https://www.chess.com"]

[Event "Titled Tuesday Blitz June 14 Late 2022"]
[White "Lonoff, Marc"]
[Black "Rychkov, Roman"]
[WhiteFideId "2001349"]
[BlackFideId "30985595"]
[WhiteElo "2204"]
[BlackElo "2344"]
[Result "1-0"]
[Round "07"]
[TimeControl "180+1"]
[Date "2022.06.15"]
[WhiteClock "0:00:02"]
[BlackClock "0:00:02"]

1. c4 e5 2. Nc3 Nf6 3. g3 g6 4. Bg2 Bg7 5. e4 O-O 6. Nge2 d6 7. O-O Be6 8. d3 Qd7 9. f4 Bh3 10. f5 Bxg2 11. Kxg2 c6 12. h3 d5 13. cxd5 cxd5 14. Bg5 Qc6 15. Bxf6 dxe4 16. dxe4 Qxf6 17. Nd5 Qd6 18. f6 Rd8 19. fxg7 Kxg7 20. Nec3 Nc6 21. Qf3 Rd7 22. Qf6+ Qxf6 23. Rxf6 Rad8 24. Raf1 Nd4 25. h4 Nc2 26. h5 b5 27. a3 a5 28. R6f2 Nd4 29. hxg6 hxg6 30. Ne2 Nc2 31. Nec3 Nd4 32. Rd2 b4 33. axb4 axb4 34. Nxb4 Rb8 35. Nbd5 Rb3 36. Rdf2 Ne6 37. Ne3 Ng5 38. Ng4 Rdb7 39. Nxe5 Rxb2 40. Rxb2 Rxb2+ 41. Rf2 Rb3 42. Nd5 Nxe4 43. Rxf7+ Kh6 44. Ng4+ Kg5 45. Nf2 Rxg3+ 46. Kf1 Nd2+ 47. Ke2 Rg2 48. Kxd2 Kh4 49. Ke2 g5 50. Rh7+ Kg3 51. Rh3# 1-0


[Site "https://www.chess.com"]

[Event "Titled Tuesday Blitz June 14 Late 2022"]
[White "Luo, Terry"]
[Black "Vasquez Schroeder, Rodrigo"]
[WhiteFideId "30931045"]
[BlackFideId "3400042"]
[WhiteElo "2024"]
[BlackElo "2567"]
[Result "0-1"]
[Round "07"]
[TimeControl "180+1"]
[Date "2022.06.14"]
[WhiteClock "0:01:21"]
[BlackClock "0:01:34"]

1. d4 Nf6 2. c4 g6 3. Nc3 Bg7 4. e4 d6 5. Nf3 O-O 6. Be2 e5 7. O-O Nc6 8. d5 Ne7 9. Ne1 Nd7 10. Be3 f5 11. f3 f4 12. Bf2 g5 13. Rc1 Rf7 14. c5 Nxc5 15. b4 Na6 16. Nb5 Ng6 17. Nxa7 Nxb4 18. Qb3 Na6 19. Bxa6 bxa6 20. Nxc8 Qxc8 21. Nd3 a5 22. Rc6 g4 23. Rfc1 gxf3 24. gxf3 Qh3 25. Qb7 Raf8 26. Ne1 Bf6 27. Rxc7 Bh4 28. Rxf7 Bxf2+ 29. Kxf2 Qxh2+ 30. Ng2 Rxf7 31. Qb8+ Kg7 32. Qxd6 Qg3+ 33. Kg1 Qxf3 34. Qc5 Qxe4 35. d6 f3 36. Ne3 f2+ 37. Kf1 Qd3+ 38. Kg2 Nf4+ 39. Kf3 Qe2+ 40. Ke4 Qd3+ 41. Kxe5 Ng6+ 42. Ke6 Qe4+ 43. Qe5+ Qxe5# 0-1


[Site "https://www.chess.com"]

[Event "Titled Tuesday Blitz June 14 Late 2022"]
[White "Maltsevskaya, Aleksandra"]
[Black "Ozates, Tuna"]
[WhiteFideId "24174041"]
[BlackFideId "6354521"]
[WhiteElo "2243"]
[BlackElo "1887"]
[Result "0-1"]
[Round "07"]
[TimeControl "180+1"]
[Date "2022.06.15"]
[WhiteClock "0:00:09"]
[BlackClock "0:00:21"]

1. e4 c5 2. Nf3 Nc6 3. d4 cxd4 4. Nxd4 e5 5. Nb5 d6 6. N1c3 a6 7. Na3 b5 8. Nd5 Nge7 9. c4 Nd4 10. Bd3 Nxd5 11. exd5 Be7 12. O-O O-O 13. cxb5 f5 14. bxa6 f4 15. Nc2 f3 16. Nxd4 exd4 17. Re1 Bg5 18. g3 Bxa6 19. Bxa6 Rxa6 20. Qxd4 Qc8 21. Qd3 Qh3 22. Qf1 Qxf1+ 23. Kxf1 Bf6 24. a3 Ra5 25. Rd1 Rb8 26. Rd3 Rc5 27. Rxf3 Rxd5 28. Kg2 Rd1 29. a4 Rc8 30. a5 Rdxc1 31. Rxc1 Rxc1 32. a6 Ra1 33. Ra3 Rxa3 34. bxa3 Bd4 35. f4 Kf7 36. Kf3 Ke6 37. Ke4 Bc5 38. f5+ Kf6 39. g4 Kg5 40. Kd5 Kxg4 41. Ke6 Kg5 42. h3 h5 43. a4 h4 44. a5 Kf4 45. f6 gxf6 46. Kxf6 d5 47. Ke6 d4 48. Kd5 Ba7 49. Kc6 d3 50. Kb7 Be3 51. a7 Bxa7 52. Kxa7 d2 53. a6 d1=Q 54. Ka8 Kg3 55. a7 Kxh3 56. Kb8 Qd8+ 57. Kb7 Kg4 0-1


[Site "https://www.chess.com"]

[Event "Titled Tuesday Blitz June 14 Late 2022"]
[White "Martinez Alcantara, Jose Eduardo"]
[Black "Xiong, Jeffery"]
[WhiteFideId "3805662"]
[BlackFideId "2047640"]
[WhiteElo "2703"]
[BlackElo "2714"]
[Result "0-1"]
[Round "07"]
[TimeControl "180+1"]
[Date "2022.06.14"]
[WhiteClock "0:00:05"]
[BlackClock "0:00:13"]

1. e4 e5 2. Nf3 Nc6 3. Bb5 Nf6 4. d3 Bc5 5. c3 O-O 6. Nbd2 d6 7. O-O Ne7 8. d4 exd4 9. cxd4 Bb6 10. h3 d5 11. e5 Ne4 12. Re1 Bf5 13. Nf1 f6 14. exf6 Rxf6 15. Bd3 Qd6 16. Ne3 Bxh3 17. gxh3 Nxf2 18. Kxf2 Raf8 19. Kg2 Rxf3 20. Qxf3 Rxf3 21. Kxf3 Bxd4 22. Ng2 Qf6+ 23. Ke2 Qf2+ 24. Kd1 Qf3+ 25. Kc2 Nc6 26. Bd2 Qxg2 27. Re2 Qxh3 28. Rae1 Bf6 29. Re8+ Kf7 30. R1e3 Qh2 31. Kc1 Ne5 32. Rc8 Nxd3+ 33. Rxd3 Qe5 34. Rb3 b6 35. Rc3 c5 36. Ra8 d4 37. Rxa7+ Kg6 38. Rf3 c4 39. Raa3 d3 40. Rc3 Qe2 41. Rg3+ Kf7 42. Rg1 Bxc3 43. bxc3 h6 44. Re1 Qg2 45. Re3 h5 46. Re1 h4 47. Be3 Qc2# 0-1


[Site "https://www.chess.com"]

[Event "Titled Tuesday Blitz June 14 Late 2022"]
[White "Mekhitarian, Krikor Sevag"]
[Black "Zlatin, Alexander"]
[WhiteFideId "2107660"]
[BlackFideId "2810549"]
[WhiteElo "2611"]
[BlackElo "2228"]
[Result "1-0"]
[Round "07"]
[TimeControl "180+1"]
[Date "2022.06.15"]
[WhiteClock "0:00:20"]
[BlackClock "0:00:04"]

1. d4 d5 2. Nf3 e6 3. g3 c5 4. Bg2 Nf6 5. O-O Nc6 6. c4 Be7 7. cxd5 exd5 8. Nc3 c4 9. Ne5 O-O 10. Bg5 Be6 11. e3 h6 12. Bxf6 Bxf6 13. f4 Ne7 14. b3 cxb3 15. Qxb3 Qa5 16. Rfc1 Rac8 17. Qb5 Qa3 18. Qb3 Qa5 19. a3 b6 20. Qb4 Qxb4 21. axb4 Nf5 22. Kf2 Be7 23. Nxd5 Bxd5 24. Bxd5 Rxc1 25. Rxc1 Bxb4 26. Rc7 Nd6 27. Rxa7 Rc8 28. Nc6 Nb5 29. Rxf7 Rxc6 30. Rc7+ Kh7 31. Rxc6 Nc3 32. Bf3 Ba5 33. d5 Kg8 34. d6 Kf7 35. e4 Nb5 36. e5 Nd4 37. Bd5+ Ke8 38. Rc7 Kd8 39. Rxg7 b5 40. e6 Nf5 41. Rg8# 1-0


[Site "https://www.chess.com"]